 Dungeon Crawl Stone Soup version 0.23.2-11-gf996548c65 (webtiles) character file.

Game seed: 16227305158846117587

255 Kobolds4U the Slasher (level 5, -3/46 HPs)
             Began as a Minotaur Fighter on June 5, 2019.
             Was a Believer of Qazlal.
             Slain by Natasha (7 damage)
             ... on level 3 of the Dungeon.
             The game lasted 00:04:55 (2060 turns).

Kobolds4U the Slasher (Minotaur Fighter)            Turns: 2060, Time: 00:04:56

Health: -3/46      AC:  8    Str: 26    XL:     5   Next: 91%
Magic:  4/4        EV:  7    Int:  5    God:    Qazlal [**....]
Gold:   173        SH: 12    Dex: 10    Spells: 4/4 levels left

rFire    . . .     SeeInvis .   a - +0 long sword
rCold    . . .     Gourm    .   c - +0 shield
rNeg     . . .     Faith    .   b - +0 scale mail
rPois    .         Spirit   .   (helmet restricted)
rElec    .         Reflect  .   t - +0 cloak
rCorr    .         Harm     .   (no gloves)
MR       .....                  (no boots)
Stlth    ..........             (no amulet)
HPRegen  0.15/turn              (no ring)
MPRegen  0.09/turn              (no ring)

@: mighty
A: retaliatory headbutt, horns 2
a: Upheaval, Renounce Religion


You were on level 3 of the Dungeon.
You worshipped Qazlal.
Qazlal was pleased with you.
You were not hungry.

You visited 1 branch of the dungeon, and saw 3 of its levels.

You collected 173 gold pieces.

Inventory:

Hand Weapons
 a - a +0 long sword (weapon)
Missiles
 q - 5 tomahawks (quivered)
Armour
 b - a +0 scale mail (worn)
 c - a +0 shield (worn)
 t - a +0 cloak (worn)
Jewellery
 r - an uncursed ring of fire
Wands
 g - a wand of polymorph (8)
 u - a wand of paralysis (3)
Scrolls
 h - 3 scrolls of remove curse {unknown}
 k - 2 scrolls of identify {unknown}
 m - a scroll of enchant weapon {unknown}
 o - a scroll of fog {unknown}
 p - a scroll of teleportation {unknown}
Potions
 d - 2 potions of might
 e - 2 potions of degeneration {unknown}
 i - 4 potions of curing
 j - 2 potions of haste {unknown}
 l - a potion of brilliance {unknown}
 n - a potion of mutation {unknown}
Comestibles
 f - 6 rations
 s - 5 chunks of flesh


   Skills:
 + Level 4.0 Fighting
 * Level 7.3 Long Blades
 - Level 3.6 Armour
 - Level 3.6 Shields


You had 4 spell levels left.
You didn't know any spells.
Your spell library was empty.

Dungeon Overview and Level Annotations

Branches:
Dungeon (3/15)

Altars:
Qazlal
Wu Jian
Xom
Zin

Annotations:
D:3 Natasha


Innate Abilities, Weirdness & Mutations

You reflexively headbutt those who attack you in melee.
You have a pair of horns on your head.


Message History

The iron imp hits you.
Your shield prevents you from hitting Natasha.
The iron imp hits you. The white imp barely misses you.
You block Natasha's attack.
You closely miss Natasha. Your headbutt misses Natasha. The iron imp hits you.
* * * LOW HITPOINT WARNING * * *
You block the white imp's attack. The iron imp hits you!
* * * LOW HITPOINT WARNING * * *
Natasha closely misses you.
You riposte.
Your shield prevents you from hitting Natasha.
You feel very mighty all of a sudden.
The iron imp disappears in a puff of smoke!
The white imp is struck by lightning.
You kill the white imp!
You block the iron imp's attack. You block Natasha's attack.
Some of the chunks of flesh in your inventory have rotted away.
You closely miss Natasha.
The iron imp is engulfed in freezing vapours.
You block the iron imp's attack. Natasha claws you!
You die...

###.#.# #.........###.....## #.
.##.#.# #####....###.......## ##
..).#.#######...#.##.........####
............)......'..÷......'...
..###.#######...#.##.........####
....>.# ##.#...##.......## #
#.##### ###...###.....## # #.#
##..h§...##...## # #.#
#..5@....###'## ##### #.#
#<.......# #.# #.... #.#
#.##...### #.# #.### #.# #.##...#
##.####.### ..# #.######
##.....#...÷ ### #.# #......#####
#.# #######...#.#
#.###...........#####
#.....#####..#..÷....


You could see an iron imp and Natasha.

Vanquished Creatures
  2 orc wizards (D:3)
  Natasha (twice) (D:3)
  Terence (D:2)
  6 adders
  A worm (D:3)
  A dart slug (D:1)
  A leopard gecko (D:3)
  6 orcs (D:3)
  2 ball pythons
  4 bats
  2 giant cockroaches
  6 goblins
  7 hobgoblins
  4 jackals (D:3)
  5 kobolds
  A quokka (D:3)
  3 frilled lizards
  10 rats
64 creatures vanquished.

Notes
Turn   | Place    | Note
-------+----------+-------------------------------------------
     0 | D:1      | Kobolds4U the Minotaur Fighter began the quest for the Orb.
     0 | D:1      | Reached XP level 1. HP: 19/19 MP: 0/0
    61 | D:1      | Reached skill level 3 in Long Blades
   116 | D:1      | Reached XP level 2. HP: 26/26 MP: 1/1
   614 | D:2      | Found an ornate altar of the Wu Jian Council.
   623 | D:2      | Reached skill level 4 in Long Blades
   641 | D:2      | Reached XP level 3. HP: 29/31 MP: 2/2
   679 | D:2      | Found a stormy altar of Qazlal.
   687 | D:2      | Became a worshipper of Qazlal Stormbringer
   744 | D:2      | Noticed Terence
   758 | D:2      | Killed Terence
   758 | D:2      | Reached skill level 5 in Long Blades
  1053 | D:3      | Reached XP level 4. HP: 38/39 MP: 3/3
  1117 | D:3      | Reached skill level 6 in Long Blades
  1166 | D:3      | Reached * piety under Qazlal
  1183 | D:3      | Reached XP level 5. HP: 44/45 MP: 4/4
  1350 | D:3      | Noticed Natasha
  1359 | D:3      | Killed Natasha
  1585 | D:3      | Reached skill level 7 in Long Blades
  1839 | D:3      | Found a shimmering altar of Xom.
  1899 | D:3      | Noticed Natasha
  1907 | D:3      | Killed Natasha
  1909 | D:3      | Reached ** piety under Qazlal
  2012 | D:3      | Found a glowing silver altar of Zin.
  2044 | D:3      | Noticed Natasha
  2060 | D:3      | Slain by Natasha

Skill      XL: |  1  2  3  4  5 |
---------------+----------------+-----
Long Blades    | 3 4 5 6 7 |  7.3
Fighting       | 4 |  4.0
Armour         | |  3.6
Shields        | |  3.6

Action                   |  1- 3 |  4- 6 || total
-------------------------+-------+-------++-------
Melee: Long sword        |    64 |   122 ||   186
       Headbutt          |     7 |    18 ||    25
  Use: Potion            |       |     1 ||     1
  Eat: Chunk             |       |     4 ||     4
Armor: Scale mail        |    26 |    37 ||    63
Dodge: Dodged            |    20 |    40 ||    60
Block: Shield            |    25 |    77 ||   102
       Rpst.: Long sword |     3 |     6 ||     9
